 Dungeon Crawl Stone Soup version 0.27-a0-1290-g15d3ce7508 (webtiles) character file.

Game seed: 8396379199845645769

58 Delamore the Skirmisher (level 4, -2/37 HPs)
             Began as a Formicid Fighter on June 15, 2021.
             Was a Follower of Okawaru.
             Slain by Sigmund (9 damage)
             ... on level 2 of the Dungeon.
             The game lasted 00:00:55 (1121 turns).

Delamore the Skirmisher (Formicid Fighter)          Turns: 1121, Time: 00:00:56

Health: -2/37      AC:  8    Str: 21    XL:     4   Next: 20%
Magic:  4/4        EV:  8    Int:  8    God:    Okawaru [*.....]
Gold:   103        SH:  9    Dex: 10    Spells: 3/3 levels left

rFire    . . .     SeeInvis +   a - +0 war axe
rCold    . . .     Faith    .   c - +0 kite shield
rNeg     . . .     Spirit   .   b - +0 scale mail
rPois    .         Reflect  .   (helmet unavailable)
rElec    .         Harm     .   h - +0 cloak
rCorr    .         Rampage  .   (no gloves)
Will     .....                  (no boots)
Stlth    ..........             (no amulet)
HPRegen  0.12/turn              (no ring)
MPRegen  0.09/turn              (no ring)

@: no status effects
A: permanent stasis, dig shafts and tunnels, antennae 3, four strong arms
a: Dig, Shaft Self, Renounce Religion, Heroism


You were on level 2 of the Dungeon.
You worshipped Okawaru.
Okawaru was aware of your devotion.
You visited 1 branch of the dungeon, and saw 2 of its levels.

You collected 103 gold pieces.

Inventory:

Hand Weapons
 a - a +0 war axe (weapon)
Armour
 b - a +0 scale mail (worn)
 c - a +0 kite shield (worn)
 h - a +0 cloak (worn)
Scrolls
 e - a scroll of identify {unknown}
Potions
 d - a potion of might
 f - a potion of mutation {unknown}
 g - a potion of curing {unknown}


   Skills:
 + Level 4.0 Fighting
 * Level 3.5 Axes
 - Level 3.2 Armour
 - Level 3.6 Shields
 + Level 0.1 Invocations


You had 3 spell levels left.
You didn't know any spells.
Your spell library was empty.

Dungeon Overview and Level Annotations

Branches:
Dungeon (2/15)

Altars:
Okawaru

Annotations:
D:2 Sigmund


Innate Abilities, Weirdness & Mutations

You cannot be hasted, slowed, berserked, paralysed or teleported.
You can dig through walls and to a lower floor.
You have a pair of large antennae on your head. (SInv)
Your four strong arms can wield two-handed weapons with a shield.


Message History

You slash the worm!
You kill the worm!
Okawaru accepts your kill. You block Sigmund's attack.
You barely miss Sigmund. You block Sigmund's attack.
Sigmund hits you but does no damage. Sigmund barely misses you.
You barely miss Sigmund. Sigmund hits you but does no damage.
Sigmund misses you.
You closely miss Sigmund. Sigmund hits you but does no damage.
You block Sigmund's attack.
You slash Sigmund!
Sigmund is moderately wounded.
Sigmund hits you but does no damage. Sigmund casts a spell at you.
You are confused.
Sigmund barely misses you.
You are too confused!
You are too confused!
You are too confused!
You are too confused!
Sigmund is nearby!
You miss Sigmund.
Sigmund is moderately wounded.
Sigmund hits you with a +0 scythe.
Sigmund gestures wildly while chanting.
Sigmund flickers and vanishes for a moment.
You bump into the rock wall.
Sigmund barely misses you.
You bump into the rock wall.
Sigmund closely misses you. Sigmund hits you but does no damage.
You bump into the rock wall.
Sigmund hits you with a +0 scythe!
You feel less confused. Sigmund barely misses you. You block Sigmund's attack.
Sigmund hits you but does no damage.
Sigmund smiles chillingly.
Sigmund points at you and mumbles some strange words.
The puff of flame hits you.
* * * LOW HITPOINT WARNING * * *
Sigmund barely misses you.
Sigmund hits you from afar with a +0 scythe!
You die...

## #.# ######.##### ##
#..........## ..#
##..(...#....#...#
#########................##
#...............@.@.........
#.#####...........##........
#.# #.#..<.......#........
#.# #....#.....##.##...###
#.# ##.#..##...## .# .....
#.# ##..#..###### .# ...#.#
#.###.#............. ####.#
#.##.#####.##.>...
...........# ####


You could see Sigmund (fast, invisible).

Vanquished Creatures
  Natasha (D:2)
  A worm (D:2)
  A dart slug (D:1)
  2 endoplasms (D:1)
  3 giant cockroaches (D:1)
  2 goblins (D:1)
  2 hobgoblins (D:1)
  2 jackals (D:1)
  2 quokkas (D:1)
  6 bats
  4 rats
26 creatures vanquished.

Notes
Turn   | Place    | Note
-------+----------+-------------------------------------------
     0 | D:1      | Delamore the Formicid Fighter began the quest for the Orb.
     0 | D:1      | Reached XP level 1. HP: 18/18 MP: 1/1
    40 | D:1      | Reached XP level 2. HP: 18/24 MP: 2/2
   521 | D:1      | Reached XP level 3. HP: 30/30 MP: 3/3
   624 | D:1      | You fall into a shaft and drop 1 floor!
   630 | D:2      | Noticed Sigmund
   831 | D:1      | Found a faded altar of an unknown god.
   847 | D:1      | Became a worshipper of Warmaster Okawaru
   847 | D:1      | Reached * piety under Okawaru
   991 | D:2      | Noticed Natasha
   997 | D:2      | Killed Natasha
   998 | D:2      | Reached XP level 4. HP: 33/37 MP: 4/4
   999 | D:2      | Reached skill level 4 in Fighting
  1121 | D:2      | Slain by Sigmund

Illustrated notes

Levels and vault maps discovered:
D:1:      tarquinn_simple_flora_water_e, layout_basic,
          chequers_ecumenical_altar_simple
D:2:      kennysheep_six_static_rooms, layout_loops_ring, minmay_hexomino_p4,
          uniq_sigmund, uniq_natasha, uniq_robin

Skill      XL: |  1  2  3  4 |
---------------+-------------+-----
Axes           | 3 |  3.5
Fighting       | 4 |  4.0
Armour         | |  3.2
Shields        | |  3.6
Invocations    | |  0.1

Action                   |  1- 3 |  4- 6 || total
-------------------------+-------+-------++-------
Melee: War axe           |    66 |    12 ||    78
Armor: Scale mail        |    44 |     8 ||    52
Dodge: Dodged            |    46 |     8 ||    54
Block: Kite shield       |    55 |     8 ||    63

Table legend: (Time is in decaauts)
 A = Elapsed time spent in this place.
 B = Non-inter-level travel time spent in this place.
 C = Inter-level travel time spent in this place.
 D = Time resting spent in this place.
 E = Time spent auto-exploring this place.
 F = Levels seen in this place.
 G = Mean time per level.
                   A        B        C        D        E       F      G
               +--------+--------+--------+--------+--------+-----+--------+
         Total |   1164 |   1121 |     43 |     37 |    854 |   2 |  582.0 |
       Dungeon |   1164 |   1121 |     43 |     37 |    854 |   2 |  582.0 |
               +--------+--------+--------+--------+--------+-----+--------+

Top non-repeatable levels by time:
     D:1: 995 daAuts
     D:2: 168 daAuts
